 Dungeon Crawl Stone Soup version 0.20.1-1-g8b1a95d (webtiles) character file.

872 Schiappus the Chopper (level 7, 0/81 HPs)
             Began as a Black Draconian Berserker on Dec 2, 2017.
             Was a Priest of Trog.
             Succumbed to Edmund's poison
             ... on level 5 of the Dungeon.
             The game lasted 00:17:36 (5345 turns).

Schiappus the Chopper (Black Draconian Berserker)   Turns: 5345, Time: 00:17:38

Health: 0/81       AC:  7    Str: 25 (26) XL:     7   Next: 74%
Magic:  7/7        EV: 13    Int:  7      God:    Trog [***...]
Gold:   144        SH:  0    Dex:  8 (11) Spells: 6/6 levels left

rFire    + . .     SeeInvis .   x - +1 war axe
rCold    . . .     Gourm    .   (no shield)
rNeg     . . .     Faith    +   (armour unavailable)
rPois    .         Spirit   .   (helmet restricted)
rElec    +         Reflect  .   y - +0 cloak
rCorr    .         Harm     .   (no gloves)
MR       .....                  (no boots)
Stlth    ..........             j - amulet of faith
Regen    0.3/turn               k - ring of fire
MPRegen  0.1/turn               m - ring of protection from cold

@: berserking, lethally poisoned (0 -> -40), short of breath, very quick
A: breathe lightning, unfitting armour, talons 1, frail 1, electricity
resistance, evolution 1, cold-blooded, AC +6
a: Breathe Lightning, Berserk, Trog's Hand, Burn Spellbooks, Renounce Religion


You were on level 5 of the Dungeon.
You worshipped Trog.
Trog was most pleased with you.
You were very hungry.

You visited 1 branch of the dungeon, and saw 5 of its levels.

You collected 354 gold pieces.
You spent 210 gold pieces at shops.

Inventory:

Hand Weapons
 x - a +1 war axe (weapon)
Armour
 y - a +0 cloak (worn)
Jewellery
 j - an amulet of faith (around neck)
 k - a ring of fire (left hand)
 m - a ring of protection from cold (right hand)
Wands
 s - a wand of flame (48/48)
 v - a wand of acid (11/15)
Scrolls
 t - a scroll of fear
 u - a scroll of enchant weapon
Potions
 d - a potion of brilliance
 e - 4 potions of curing
 f - 2 potions of haste
Comestibles
 a - a chunk of flesh
 b - 5 bread rations
 g - 4 fruits
 l - 4 meat rations
 p - 2 royal jellies


   Skills:
 + Level 5.3 Fighting
 + Level 7.0 Axes
 + Level 4.6 Dodging
 + Level 1.7 Stealth


You had 6 spell levels left.
You didn't know any spells.

Dungeon Overview and Level Annotations

Branches:
Dungeon (5/15)
 Temple: D:4-7

Altars:
Cheibriados
Dithmenos
Elyvilon
Hepliaklqana
Nemelex Xobeh
Uskayaw
Yredelemnul

Shops:
D:4 ?*?*


Innate Abilities, Weirdness & Mutations

You can breathe wild blasts of lightning.
Your glossy black scales are hard. (AC +6)
You cannot fit into any form of body armour.
You are resistant to electric shocks. (rElec)
You are cold-blooded and may be slowed by cold attacks.
You have sharp toenails.
You are frail. (-10% HP)
You evolve.


Message History

Edmund hits you with a dire flail of venom.
* * * LOW HITPOINT WARNING * * *
You are more poisoned.
You slice Edmund!! You claw Edmund, but do no damage.
Edmund is severely wounded.
* * * LOW HITPOINT WARNING * * *
You feel very sick.
You are too berserk!
You hit Edmund but do no damage. Your kick misses Edmund.
Your tail-slap misses Edmund.
Edmund is severely wounded.
* * * LOW HITPOINT WARNING * * *
You feel sick. Edmund barely misses you.
You slash Edmund!
You feel the power of Trog in you as your rage grows.
You kill Edmund!
Trog accepts your kill.
You feel your strength returning.
Your Axes skill increases to level 7!
You die...

#.#####........###.####.
#..............# #.#
#######.######## #.# #.#
#.# #.# #.# #.# #..
#.### #.# #...#####
#@)...... #........
#........ ####.....
#####


There were no monsters in sight!

Vanquished Creatures
  Sigmund (D:2)
  Edmund (D:5)
  A phantom (D:4)
  The ghost of kalagan the Firebug, an amateur DEFE of Vehumet (D:3)
  A scorpion (D:4)
  3 orc priests (D:5)
  Crazy Yiuf (D:4)
  3 orc wizards (D:4)
  2 worker ants (D:4)
  A hound zombie (D:5)
  3 adders
  A shadow imp (D:5)
  4 oozes
  An adder skeleton (D:5)
  A worm (D:2)
  3 dart slugs
  14 orcs
  A ball python (D:2)
  4 giant cockroaches
  7 goblins
  9 hobgoblins
  5 jackals
  6 kobolds
  A quokka (D:3)
  9 bats
  A frilled lizard (D:4)
  11 rats
  16 fungi (D:2)
112 creatures vanquished.

Notes
Turn   | Place    | Note
-------+----------+-------------------------------------------
     0 | D:1      | Schiappus the Draconian Berserker began the quest for the Orb.
     0 | D:1      | Reached XP level 1. HP: 19/19 MP: 1/1
   209 | D:1      | Reached XP level 2. HP: 26/26 MP: 2/2
   728 | D:1      | Reached ** piety under Trog
   886 | D:1      | Reached XP level 3. HP: 33/33 MP: 3/3
   976 | D:2      | Noticed Sigmund
   988 | D:2      | Killed Sigmund
   988 | D:2      | Reached skill level 4 in Axes
   988 | D:2      | Reached XP level 4. HP: 29/41 MP: 4/4
   988 | D:2      | Reached XP level 5. HP: 34/47 MP: 5/5
  1368 | D:2      | Found a sparkling altar of Nemelex Xobeh.
  1448 | D:2      | Found a white marble altar of Elyvilon.
  2109 | D:3      | Reached skill level 5 in Axes
  2173 | D:3      | Found a basalt altar of Yredelemnul.
  2321 | D:3      | Noticed kalagan's ghost (amateur DEFE)
  2334 | D:3      | Killed kalagan's ghost
  2334 | D:3      | Reached XP level 6. HP: 53/53 MP: 6/6
  3161 | D:4      | Found Okaepoy's Assorted Antiques.
  3183 | D:4      | Found Veovvit's Assorted Antiques.
  3389 | D:4      | Reached *** piety under Trog
  3543 | D:4      | Found Noiryaxu's Magic Scroll Emporium.
  3645 | D:4      | Found Iregacomp's Magic Scroll Emporium.
  3726 | D:4      | Found a sparkling altar of Nemelex Xobeh.
  3775 | D:4      | Reached skill level 6 in Axes
  3775 | D:4      | Your scales start taking on a glossy black colour.
  3775 | D:4      | Reached XP level 7. HP: 31/60 MP: 7/7
  3775 | D:4      | Gained mutation: You are resistant to electric shocks. (rElec) [Black Draconian growth]
  4115 | D:4      | Found a runed door.
  4119 | D:4      | Noticed Crazy Yiuf
  4126 | D:4      | Killed Crazy Yiuf
  4232 | D:4      | Gained mutation: You evolve. [potion of mutation]
  4232 | D:4      | Gained mutation: You have sharp toenails. [potion of mutation]
  4285 | D:4      | Found a sparkling altar of Nemelex Xobeh.
  4353 | D:4      | Found Okaepoy's Assorted Antiques.
  4449 | D:4      | Gained mutation: You are frail. (-10% HP) [evolution]
  4462 | D:4      | Found Veovvit's Assorted Antiques.
  4547 | D:4      | Found Iregacomp's Magic Scroll Emporium.
  4840 | D:4      | Bought a scroll labeled ESTRIV IJUV WEQ for 24 gold pieces
  4850 | D:4      | Bought a silvery potion for 24 gold pieces
  4850 | D:4      | Bought a scroll labeled INANTEYKOS for 27 gold pieces
  4850 | D:4      | Bought a dented steel amulet for 135 gold pieces
  4857 | D:5      | Entered Level 5 of the Dungeon
  4934 | D:5      | Reached skill level 5 in Fighting
  4934 | D:5      | Reached skill level 1 in Stealth
  5243 | D:5      | Found a hazy altar of Hepliaklqana.
  5246 | D:5      | Found a sparkling altar of Nemelex Xobeh.
  5253 | D:5      | Found a shadowy altar of Dithmenos.
  5257 | D:5      | Found a snail-covered altar of Cheibriados.
  5258 | D:5      | Found a hide-covered altar of Uskayaw.
  5331 | D:5      | Noticed Edmund
  5344 | D:5      | HP: 3/81 [poisoned by Edmund]
  5345 | D:5      | Killed Edmund
  5345 | D:5      | Reached skill level 7 in Axes
  5345 | D:5      | Succumbed to Edmund's poison

Skill      XL: |  1  2  3  4  5  6  7 |
---------------+----------------------+-----
Dodging        | 3 4 |  4.6
Fighting       | 4 5 |  5.3
Axes           | 4 5 6 7 |  7.0
Stealth        | 1 |  1.7

Action                   |  1- 3 |  4- 6 |  7- 9 || total
-------------------------+-------+-------+-------++-------
Melee: Hand axe          |    71 |   190 |       ||   261
       Tailslap          |     8 |    47 |     2 ||    57
       War axe           |       |    48 |    55 ||   103
       Kick              |       |       |    10 ||    10
Invok: Berserk           |     1 |     3 |     1 ||     5
 Abil: Breathe Lightning |       |       |     2 ||     2
  Use: Scroll            |       |     4 |     9 ||    13
       Potion            |       |       |     7 ||     7
  Eat: Chunk             |       |    12 |     6 ||    18
Armor: Skin              |    37 |    30 |    14 ||    81
Dodge: Dodged            |    70 |    74 |    29 ||   173
